 Dungeon Crawl Stone Soup version 0.18.0-2-g198d6d4 (webtiles) character file.

391 rezek the Basher (level 7, 0/50 HPs)
             Began as a Kobold Assassin on May 6, 2016.
             Slain by a killer bee (5 damage)
             ... on level 3 of the Dungeon.
             The game lasted 00:13:35 (3083 turns).

rezek the Basher (Kobold Assassin)                  Turns: 3083, Time: 00:13:35

Health: 0/50       AC:  7    Str:  8 (9)  XL:     7   Next: 8%
Magic:  7/7        EV: 13    Int:  9      God:
Gold:   89         SH:  0    Dex: 20      Spells: 0 memorised, 6 levels left

rFire  . . .     SeeInvis .     b - +1 blowgun
rCold  . . .     Gourm    .     q - +0 ring mail
rNeg   . . .     Faith    .     (shield restricted)
rPois  .         Spirit   .     (no helmet)
rElec  .         Dismiss  .     d - +0 cloak
rCorr  .         Reflect  .     c - +0 pair of gloves
SustAt .         Harm     .     (no boots)
MR     .....                    (no amulet)
Stlth  +++.......               (no ring)
                                (no ring)

@: lethally poisoned (0 -> -3), not resistant to hostile enchantments, fairly
stealthy
A: carnivore 3
a: no special abilities


You were on level 3 of the Dungeon.
You were completely stuffed.

You visited 1 branch of the dungeon, and saw 3 of its levels.

You collected 89 gold pieces.

Inventory:

Hand Weapons
 b - a +1 blowgun (weapon)
 s - a +0 mace
Missiles
 e - 8 poisoned needles (quivered)
 i - 5 tomahawks
Armour
 c - a +0 pair of gloves (worn)
 d - a +0 cloak (worn)
 q - a +0 ring mail (worn)
 r - a +1 robe of positive energy
Wands
 h - a wand of flame (21/48)
Comestibles
 g - a meat ration
 p - 2 slices of pizza


   Skills:
 + Level 8.8 Fighting
   Level 2.6 Short Blades
 * Level 10.3 Maces & Flails
 - Level 2.1 Throwing
 + Level 0.4 Armour
 + Level 2.1 Dodging
 + Level 5.6 Stealth
 * Level 0.5 Evocations


You had 6 spell levels left.
You didn't know any spells.

Dungeon Overview and Level Annotations

Branches:
Dungeon (3/15)

Altars:
Nemelex Xobeh
Ru
Zin


Innate Abilities, Weirdness & Mutations

You are small and have problems with some larger weapons.
You are carnivorous and can eat meat at any time.


Message History

Quivering
f - 2 curare-tipped needles for blowguns.
Firing (i - inventory. (,) - cycle):
f - 2 curare-tipped needles (quivered)
Press: ? - help, Shift-Dir - straight line, f/p - killer bee
Aim: a killer bee (almost dead)
You shoot a curare-tipped needle.
The curare-tipped needle misses the killer bee. x2
The killer bee barely misses you.
Firing (i - inventory. (,) - cycle):
f - a curare-tipped needle (quivered)
Press: ? - help, Shift-Dir - straight line, f/p - killer bee
Aim: a killer bee (almost dead)
You shoot a curare-tipped needle.
The curare-tipped needle barely misses the killer bee.
The curare-tipped needle hits the killer bee.
The killer bee is poisoned.
The killer bee convulses.
The killer bee seems to slow down.
The killer bee is severely wounded.
You feel sick. The killer bee stings you.
* * * LOW HITPOINT WARNING * * *
The killer bee stings you.
You die...

#.##y###### #.# # #.#
#.# #.# #.# ##.####
#.# #.....# #.# #
#..##.# #.#
##.#..##.## #.#
......##..#########.#
...##...).....yy@...#
'## ####'.###########
#.y.#.# #...#.#
#.......### ###.y.###
..... #...#. #...#.


You could see 2 killer bees.

Vanquished Creatures
  2 orc priests (D:3)
  2 orc wizards (D:3)
  Natasha (thrice) (D:2)
  6 adders
  2 worms
  An orc (D:3)
  2 giant cockroaches
  5 goblins
  5 hobgoblins
  5 jackals
  6 ball pythons
  11 bats
  4 giant newts
  7 kobolds
  4 rats
65 creatures vanquished.

Notes
Turn   | Place    | Note
--------------------------------------------------------------
     0 | D:1      | rezek the Kobold Assassin began the quest for the Orb.
     0 | D:1      | Reached XP level 1. HP: 12/12 MP: 1/1
    45 | D:1      | Reached XP level 2. HP: 14/18 MP: 2/2
   255 | D:1      | Reached skill level 1 in Maces & Flails
   468 | D:1      | Found a sparkling altar of Nemelex Xobeh.
   993 | D:1      | Reached XP level 3. HP: 23/23 MP: 3/3
  1189 | D:2      | Gained mutation: You have a somewhat thin skeletal structure (Dex +2, Stealth). [potion of beneficial mutation]
  1196 | D:2      | Gained mutation: You tend to lose your temper in combat. [potion of mutation]
  1196 | D:2      | Gained mutation: Your mind is acute. (Int +2) [potion of mutation]
  1202 | D:2      | Reached skill level 2 in Maces & Flails
  1220 | D:2      | Reached XP level 4. HP: 28/28 MP: 4/4
  1398 | D:2      | Noticed Natasha
  1410 | D:2      | Killed Natasha
  1813 | D:2      | Reached XP level 5. HP: 33/33 MP: 5/5
  2000 | D:2      | Noticed an angel
  2001 | D:2      | Found a glowing silver altar of Zin.
  2041 | D:2      | Reached skill level 10 in Maces & Flails
  2041 | D:2      | Reached XP level 6. HP: 22/45 MP: 6/6
  2107 | D:2      | Noticed Natasha
  2111 | D:2      | Killed Natasha
  2235 | D:2      | Noticed Natasha
  2251 | D:2      | Killed Natasha
  2254 | D:2      | Lost mutation: You tend to lose your temper in combat. [potion of cure mutation]
  2254 | D:2      | Lost mutation: Your mind is acute. (Int +2) [potion of cure mutation]
  2254 | D:2      | Lost mutation: You have a somewhat thin skeletal structure (Dex +2, Stealth). [potion of cure mutation]
  2874 | D:3      | Found a sacrificial altar of Ru.
  2886 | D:3      | Reached XP level 7. HP: 50/50 MP: 7/7
  3083 | D:3      | Slain by a killer bee

Skill      XL: |  1  2  3  4  5  6 |
---------------+-------------------+-----
Maces & Flails | 1 2 10 | 10.3
Fighting       | 3 4 8 |  8.8
Dodging        | 2 |  2.1
Short Blades   | |  2.6
Throwing       | |  2.1
Armour         | |  0.4
Stealth        | |  5.6
Evocations     | |  0.5

Action                   |  1- 3 |  4- 6 |  7- 9 || total
-------------------------+-------+-------+-------++-------
Melee: Dagger            |    73 |    27 |       ||   100
       Mace              |       |    95 |    24 ||   119
 Fire: Blowgun           |       |     1 |     2 ||     3
Evoke: Wand              |       |       |     2 ||     2
  Use: Potion            |     3 |     6 |       ||     9
       Scroll            |       |     8 |       ||     8
 Stab: Sleeping          |    11 |    15 |       ||    26
       Distracted        |       |     2 |       ||     2
  Eat: Chunk             |     9 |     7 |       ||    16
Armor: Robe              |    16 |       |       ||    16
       Ring mail         |       |    56 |     8 ||    64
Dodge: Dodged            |    50 |    63 |    18 ||   131
